 Dungeon Crawl Stone Soup version 0.20.1-1-g8b1a95d (webtiles) character file.

60 Gargoyl the Skirmisher (level 3, 0/34 HPs)
             Began as a Minotaur Abyssal Knight on July 10, 2017.
             Was a Follower of Lugonu.
             Hit by a goblin thrown by Robin (1 damage)
             ... on level 2 of the Dungeon.
             The game lasted 00:02:44 (1142 turns).

Gargoyl the Skirmisher (Minotaur Abyssal Knight)    Turns: 1142, Time: 00:02:45

Health: 0/34       AC:  9    Str: 14 (16) XL:     3   Next: 80%
Magic:  3/3        EV:  6    Int: 13 (14) God:    Lugonu [*.....]
Gold:   39         SH:  0    Dex:  7 (10) Spells: 2/2 levels left

rFire    . . .     SeeInvis .   a - +1 hand axe
rCold    . . .     Gourm    .   (no shield)
rNeg     . . .     Faith    .   d - +0 chain mail
rPois    .         Spirit   .   (helmet restricted)
rElec    .         Reflect  .   (no cloak)
rCorr    .         Harm     .   (no gloves)
MR       .....                  (no boots)
Stlth    ..........             (no amulet)
Regen    0.2/turn               (no ring)
MPRegen  0.1/turn               (no ring)

@: brilliant
A: retaliatory headbutt, horns 2
a: Depart the Abyss, Renounce Religion


You were on level 2 of the Dungeon.
You worshipped Lugonu.
Lugonu was aware of your devotion.
You were hungry.

You visited 1 branch of the dungeon, and saw 2 of its levels.
You visited the Abyss 1 time.

You collected 39 gold pieces.

Inventory:

Hand Weapons
 a - a +1 hand axe (weapon)
Armour
 d - a +0 chain mail (worn)
Scrolls
 b - a scroll of amnesia
 f - a scroll of remove curse
 i - a scroll of identify
Potions
 e - a potion of agility
Comestibles
 c - 3 bread rations
 g - a royal jelly


   Skills:
 + Level 4.6 Fighting
 + Level 2.5 Axes
 * Level 3.4 Armour
 + Level 1.4 Dodging
 * Level 2.3 Invocations


You had 2 spell levels left.
You didn't know any spells.

Dungeon Overview and Level Annotations

Branches:
Dungeon (2/15)

Altars:

Annotations:
D:2 Robin


Innate Abilities, Weirdness & Mutations

You reflexively headbutt those who attack you in melee.
You have a pair of horns on your head.


Message History

* * * LOW HITPOINT WARNING * * *
Robin roars a battlecry!
Your chain mail prevents you from hitting the adder.
The adder is heavily wounded.
The adder bites you but does no damage. The gnoll barely misses you.
Robin throws the goblin at you! The adder bites you.
* * * LOW HITPOINT WARNING * * *
Unknown command.
Unknown command.
You closely miss the adder.
The adder is moderately wounded.
You closely miss the goblin. The goblin completely misses you.
You furiously retaliate!
You headbutt the goblin.
You kill the goblin!
Lugonu accepts your kill. The adder bites you but does no damage.
The gnoll hits you from afar with a spear.
* * * LOW HITPOINT WARNING * * *
Robin throws the goblin at you!
You die...

,,,,,,,* *,#.#,*,#g.>.## *,*,**,
,,**,*,***,#.#,,,#.##.# **,*,,**
,,**,,,,,*,#.#####.##.# *,,**,,,
,,***,,*,*,#...ggS....# *,******
,,*,,,,,,,,#.#####.g..#***,* *
***,,,,,,,,#g#.Sg#..#.#,,,,* *
,,,,,,>,,<,#.#.#g#...g#,****
,,,,,,,,,,,#g#.#g#....g,,*
,,,,,,,,,,,#.g.#@#S#..#..********
,,,,,,,,,,,#####S#.##g..g,,,,,,,,
,,,,,,,,,,,,,,,ggg..,S.g,,,,,****
,,,,,,,,,*,***##.g.,,,,,,,,,,***,
,,*,,,,,,*,* #.#..,,,,,,,>,,,,,
********,,,** #.#...,,,,,,,,*,,,
*,,,,,,,* #.#....,,,,,,,,,,,
*,,,,,,,* #.#*....,,,,,*****
*,,,,,,,* *,*,,,,,*,,,** *


You could see Robin, 2 gnolls, 2 adders and 4 goblins.

Vanquished Creatures
  A gnoll (D:2)
  An adder (D:2)
  3 dart slugs (D:1)
  A leopard gecko (D:1)
  3 giant cockroaches (D:1)
  6 goblins
  3 hobgoblins
  3 jackals (D:1)
  3 bats (D:1)
  A frilled lizard (D:1)
  6 kobolds (D:1)
  2 rats (D:1)
33 creatures vanquished.

Notes
Turn   | Place    | Note
-------+----------+-------------------------------------------
     0 | Abyss:1  | Gargoyl the Minotaur Abyssal Knight began the quest for the Orb.
     0 | Abyss:1  | Reached XP level 1. HP: 19/19 MP: 1/1
    56 | Abyss:2  | Noticed a large abomination
    60 | Abyss:2  | Noticed a lich
    61 | D:1      | Escaped the Abyss
    81 | D:1      | Reached * piety under Lugonu
    84 | D:1      | Reached skill level 4 in Fighting
   356 | D:1      | Reached XP level 2. HP: 24/27 MP: 2/2
   708 | D:1      | Reached XP level 3. HP: 33/34 MP: 3/3
  1119 | D:2      | Noticed Robin
  1141 | D:2      | HP: 1/34 [adder (1)]
  1142 | D:2      | Hit by a goblin thrown by Robin

Skill      XL: |  1  2 |
---------------+-------+-----
Fighting       | 4 |  4.6
Invocations    | 2 |  2.3
Armour         | 3 |  3.4
Axes           | |  2.5
Dodging        | |  1.4

Action                   || total
-------------------------++-------
Melee: Hand axe          ||    87
       Headbutt          ||    11
Invok: Depart the Abyss  ||     1
  Use: Scroll            ||     5
       Potion            ||     2
Armor: Chain mail        ||    76
Dodge: Dodged            ||    53
